Map: King's Cove LE

Players

SKillous

  • Race: Protoss Protoss
  • League: Master
  • Spawn Location: 5:00

LiquidMaNa (MaNa) - Winner!

  • Race: Protoss Protoss
  • League: Master
  • Spawn Location: 11:00

Event: 2019 WCS Winter Europe

VOD

Have the link to the VOD?

Description

Time

  • Played on: Feb. 1, 2019, 11:52 a.m.
  • Length: 7:21

All games in this series

Show
View Real Time Build Order
Export as new Build Order

SKillous Protoss 

Build Orders: Phoenix Opening 

Get SALT Encoding   

  12  0:00  Probe  
  13  0:13  Probe  
  14  0:18  Pylon  
  14  0:24  Probe  
  15  0:32  Probe  
  15  0:39  Gateway  
  15  0:40  Probe  
  16  0:47  Assimilator  
  17  0:50  Probe  
  17  0:55  Assimilator  
  18  0:58  Probe  
  19  1:08  Probe  
  19  1:09  Gateway  
  20  1:19  Probe  
  21  1:26  Cybernetics Core  
  21  1:31  Probe  
  22  1:38  Pylon  
  22  1:44  Probe  
  23  1:56  Probe  
  24  2:03  Warp Gate, Adept x2  
  28  2:13  Stargate  
  28  2:22  Pylon  
  28  2:32  Stalker  
  28  2:35  Stalker  
  31  2:41  Probe  
  32  2:49  Phoenix  
  34  3:03  Pylon  
  33  3:19  Probe  
  36  3:31  Probe  
  35  3:41  Gateway  
  35  3:42  Pylon  
  35  3:46  Phoenix  
  33  3:54  Stalker x2  
  33  3:55  Robotics Facility  
  33  4:07  Phoenix  
  33  4:14  Sentry  
  37  4:19  Zealot  
  39  4:26  Phoenix  
  39  4:37  Zealot  
  43  4:43  Pylon  
  43  4:45  Stalker  
  45  4:47  Pylon  
  45  4:57  Sentry  
  43  5:10  Stalker  
  45  5:14  Gateway  
  45  5:15  Shield Battery  
  45  5:18  Pylon  
  39  5:35  Zealot  
  36  5:44  Phoenix  
  37  5:50  Probe  
  37  5:56  Zealot  
  40  6:04  Stalker  
  42  6:09  Probe  
  43  6:18  Stalker  
  45  6:27  Stalker  
  47  6:35  Stalker  
  49  6:54  Stalker x2  
Show
View Real Time Build Order
Export as new Build Order

LiquidMaNa Protoss - Winner!

Build Orders:  

Get SALT Encoding   

  12  0:00  Probe  
  13  0:12  Probe  
  14  0:19  Pylon  
  14  0:24  Probe  
  15  0:33  Probe  
  15  0:39  Gateway  
  15  0:41  Probe  
  16  0:48  Assimilator  
  17  0:51  Probe  
  18  0:59  Probe  
  19  1:04  Assimilator  
  19  1:08  Probe  
  19  1:09  Gateway  
  20  1:20  Probe  
  21  1:27  Cybernetics Core  
  21  1:32  Probe  
  22  1:36  Pylon  
  22  1:44  Probe  
  23  1:54  Warp Gate  
  23  1:56  Probe  
  24  2:03  Stalker x2  
  29  2:08  Probe  
  29  2:17  Pylon  
  30  2:33  Stalker  
  30  2:35  Stalker  
  33  2:42  Robotics Facility  
  33  2:54  Shield Battery  
  33  2:57  Gateway  
  33  3:04  Stalker  
  35  3:12  Stalker  
  35  3:19  Warp Prism  
  37  3:21  Pylon  
  37  3:51  Stalker x2  
  37  3:53  Stalker  
  43  4:00  Pylon  
  43  4:11  Observer  
  43  4:13  Shield Battery  
  44  4:30  Stalker x2, Sentry  
  50  4:31  Probe  
  51  4:38  Pylon  
  51  4:45  Probe  
  52  4:57  Stalker x2  
  52  4:59  Stalker  
  38  5:36  Nexus  
  38  5:39  Stalker x2  
  40  5:45  Stalker  
  42  5:55  Twilight Council  
  42  6:02  Sentry  
  42  6:03  Stalker, Shield Battery  
  45  6:11  Stalker  
  47  6:17  Shield Battery  
  47  6:25  Zealot  
  49  6:36  Stalker  
  49  6:38  Stalker  
  53  6:51  Zealot  
  55  7:00  Stalker  
  57  7:04  Stalker  
Tags
 
Add a new tag
Caveats
  • Supply blocks, unpowered buildings, or Contaminate may cause inaccurate times.
  • Supply counts are checked every 10 seconds.